 Dungeon Crawl Stone Soup version 0.28-a0-60-g54b5640690 (webtiles) character file.

Game seed: 6674044904617126169

361 Demosthentine the Poker (level 6, -8/48 HPs)
             Began as a Merfolk Gladiator on July 31, 2021.
             Blown up by Ijyb (28 damage)
             ... with a mindburst bolt
             ... on level 3 of the Dungeon.
             The game lasted 00:03:03 (3927 turns).

Demosthentine the Poker (Merfolk Gladiator)         Turns: 3927, Time: 00:03:03

Health: -8/48      AC:  4    Str: 16    XL:     6   Next: 66%
Magic:  6/6        EV: 14    Int: 14    God:
Gold:   87         SH:  0    Dex: 15    Spells: 5/5 levels left

rFire   . . .      SeeInvis .   a - +1 trident
rCold   . . .      Faith    .   (no shield)
rNeg    . . .      Spirit   .   b - +0 leather armour
rPois   .          Reflect  .   c - +0 helmet
rElec   .          Harm     .   (no cloak)
rCorr   .          Rampage  .   (no gloves)
Will    .....                   (no boots)
Stlth   +.........              (no amulet)
HPRegen 0.16/turn               j - +6 ring of intelligence
MPRegen 0.10/turn               e - +4 ring of slaying

@: no status effects
A: (nimble swimmer 2), mertail
a: no special abilities


You were on level 3 of the Dungeon.
You visited 1 branch of the dungeon, and saw 3 of its levels.
You also visited: Sewer.

You collected 100 gold pieces.
You spent 13 gold pieces at shops.

Inventory:

Hand Weapons
 a - a +1 trident (weapon)
Missiles
 d - 2 throwing nets (quivered)
Armour
 b - a +0 leather armour (worn)
 c - a +0 helmet (worn)
Jewellery
 e - a +4 ring of slaying (right hand)
 j - a +6 ring of intelligence (left hand)
Scrolls
 h - a scroll of immolation {unknown}
 k - 2 scrolls of fear
 l - a scroll of blinking {unknown}
 n - a scroll of teleportation {unknown}
 q - a scroll of identify
 r - a scroll of enchant armour {unknown}
Potions
 f - a potion of curing
 g - a potion of lignification {unknown}
 i - 4 potions of haste {unknown}
 m - 4 potions of heal wounds {unknown}
 o - 4 potions of magic {unknown}
 p - a potion of mutation {unknown}


   Skills:
 + Level 4.2 Fighting
 + Level 6.4 Polearms
 - Level 2.0 Throwing
 + Level 2.2 Armour
 + Level 5.7 Dodging


You had 5 spell levels left.
You didn't know any spells.
Your spell library was empty.

Dungeon Overview and Level Annotations

Branches:
Dungeon (3/15)              Sewer (visited)

Altars:
Xom

Shops:
D:1 !

Annotations:
D:3 Ijyb


Innate Abilities, Weirdness & Mutations

((You are quick and stealthy near water. (Stealth+, EV+, Speed+++)))
Your lower body shifts to a powerful aquatic tail in water.


Message History

Your legs become a tail as you enter the water.
An adder is nearby!
You puncture the adder!
Your tail-slap misses the adder.
The adder is almost dead.
The adder misses you. The adder bites you.
An adder is nearby!
You puncture the adder!
You kill the adder!
No target in view!
Ijyb the Twisted Goblin comes into view.
She is wielding a +8 club, wearing a +3 chain mail of fire resistance and carrying a wand of mindburst (19).
Ijyb shouts!
Ijyb zaps a wand.
Your mind is blasted!
Ijyb is nearby!
Ijyb zaps a wand.
You barely resist.
Ijyb is nearby!
You reach to attack!
You barely miss Ijyb.
Ijyb is nearby!
You puncture Ijyb!
Ijyb is moderately wounded.
Ijyb misses you.
You barely miss Ijyb.
Ijyb is moderately wounded.
Ijyb hits you with a +8 club!
You are too injured to fight recklessly!
You are too injured to fight recklessly!
You are too injured to fight recklessly!
Unknown command.
Throw: 3 throwing nets
Press: ? - help, Q - select action Shift-Dir - straight line, f/p - Ijyb
Aim: Ijyb, wielding a +8 club, wearing a +3 chain mail of fire resistance and carrying a wand of mindburst (17) (moderately wounded, 66% to hit)
You throw a throwing net. The throwing net hits Ijyb.
Ijyb is caught in the net!
Ijyb is moderately wounded.
Ijyb struggles against the net.
You catch the helpless Ijyb completely off-guard!
You hit Ijyb.
Ijyb is moderately wounded.
Ijyb zaps a wand.
Your mind is blasted!
Ouch! That really hurt!
You die...

#.......#.#.# +.......#.#.#
##......##.#.# .
........##(#.# ##.#.
#......##.#.#
...#.####......##.#.#######
#..............##.#.#......
#..........g...##.#.#..≈≈≈.
#.........@.....#'#.#.≈≈≈≈≈
#.....................≈≈_≈≈
#.....................≈≈.≈≈
#.....................≈≈.≈≈
####+##...............≈≈.≈≈
#...............≈...≈
#######.........≈.8.≈
#..............
#.............<


You could see Ijyb (caught).

Vanquished Creatures
  2 kobold brigands (Sewer)
  Jessica (D:2)
  5 adders
  5 river rats (Sewer)
  A worm (D:2)
  3 dart slugs
  11 ball pythons
  4 bats (D:1)
  8 endoplasms
  3 giant cockroaches
  6 goblins
  5 hobgoblins
  4 jackals
  17 kobolds
  3 quokkas
  5 frilled lizards
  32 rats
115 creatures vanquished.

Notes
Turn   | Place    | Note
-------+----------+-------------------------------------------
     0 | D:1      | Demosthentine the Merfolk Gladiator began the quest for the
                  | Orb.
     0 | D:1      | Reached XP level 1. HP: 16/16 MP: 1/1
    95 | D:1      | Reached XP level 2. HP: 17/23 MP: 2/2
   523 | D:1      | Reached XP level 3. HP: 6/28 MP: 3/3
   762 | D:1      | Found Besk's Distillery.
   766 | D:1      | Bought a potion of degeneration for 13 gold pieces
  1170 | D:1      | Reached skill level 5 in Polearms
  1576 | D:2      | Reached skill level 1 in Armour
  1916 | D:2      | Reached XP level 4. HP: 25/35 MP: 4/4
  2035 | D:2      | Found a faded altar of an unknown god.
  2036 | D:2      | Noticed an eye of devastation
  2039 | D:2      | Noticed Jessica
  2040 | D:2      | Noticed a golden eye
  2040 | D:2      | Noticed a golden eye
  2040 | D:2      | Noticed a floating eye
  2042 | D:2      | Killed Jessica
  2319 | D:3      | Found a glowing drain.
  2331 | D:3      | Reached skill level 5 in Dodging
  2331 | D:3      | Reached XP level 5. HP: 28/41 MP: 5/5
  2346 | Sewer    | Entered a sewer
  2537 | Sewer    | Noticed a kobold brigand
  2549 | Sewer    | Killed a kobold brigand
  2550 | Sewer    | Reached skill level 6 in Polearms
  2748 | Sewer    | Reached XP level 6. HP: 31/48 MP: 6/6
  3670 | D:3      | Found a shimmering altar of Xom.
  3919 | D:3      | Noticed Ijyb
  3927 | D:3      | Blown up by Ijyb

Illustrated notes

Levels and vault maps discovered:
D:1:      evilmike_arrival_plus, layout_basic, serial_shops, shop_statue
D:2:      layout_basic, hellmonk_ecumenical_altar_watching_god,
          amethyst_killhole, uniq_jessica
D:3:      layout_basic, mainiacjoe_overflow_catwalk, lemuel_tele_altar,
          portal_sewer_entry_a, uniq_ijyb

Skill      XL: |  1  2  3  4  5  6 |
---------------+-------------------+-----
Polearms       | 5 6 |  6.4
Armour         | 1 2 |  2.2
Fighting       | 3 4 |  4.2
Dodging        | 5 |  5.7
Throwing       | |  2.0

Action                   |  1- 3 |  4- 6 || total
-------------------------+-------+-------++-------
Melee: Trident           |   151 |   170 ||   321
       Tailslap          |       |     3 ||     3
Throw: Throwing net      |       |     1 ||     1
  Use: Scroll            |     4 |     1 ||     5
 Stab: Sleeping          |     5 |     1 ||     6
       Held in net/web   |       |     1 ||     1
Armor: Leather armour    |    27 |    16 ||    43
Dodge: Dodged            |    65 |    94 ||   159

Table legend: (Time is in decaauts)
 A = Elapsed time spent in this place.
 B = Non-inter-level travel time spent in this place.
 C = Inter-level travel time spent in this place.
 D = Time resting spent in this place.
 E = Time spent auto-exploring this place.
 F = Levels seen in this place.
 G = Mean time per level.
                   A        B        C        D        E       F      G
               +--------+--------+--------+--------+--------+-----+--------+
         Total |   3846 |   3767 |     79 |      0 |   3133 |   4 |  961.5 |
       Dungeon |   2773 |   2694 |     79 |      0 |   2303 |   3 |  924.3 |
         Sewer |   1073 |   1073 |      0 |      0 |    829 |   1 | 1073.0 |
               +--------+--------+--------+--------+--------+-----+--------+

Top non-repeatable levels by time:
     D:1: 1302 daAuts
   Sewer: 1073 daAuts
     D:2: 974 daAuts
     D:3: 495 daAuts
